 Dungeon Crawl Stone Soup version 0.28-a0-1159-g27aa881441 (webtiles) character file.

Game seed: 16689235764606051107

441 Nato the Shield-Bearer (level 6, -2/56 HPs)
             Began as a Minotaur Fighter on Dec 15, 2021.
             Was an Initiate of Cheibriados.
             Slain by an orc wizard (3 damage)
             ... on level 5 of the Dungeon.
             The game lasted 00:05:42 (4654 turns).

Nato the Shield-Bearer (Minotaur Fighter)           Turns: 4654, Time: 00:05:44

Health: -2/56      AC:  7    Str: 23    XL:     6   Next: 71%
Magic:  5/5        EV:  9    Int:  6    God:    Cheibriados [......]
Gold:   177        SH:  5    Dex: 11    Spells: 5/5 levels left

rFire   . . .      SeeInvis .   a - +0 war axe
rCold   + . .      Faith    .   c - +0 buckler
rNeg    . . .      Spirit   .   b - +0 scale mail
rPois   .          Reflect  .   (helmet restricted)
rElec   .          Harm     .   (no cloak)
rCorr   +          Rampage  .   (no gloves)
Will    .....                   (no boots)
Stlth   ..........              (no amulet)
HPRegen 0.18/turn               l - ring of resist corrosion
MPRegen 0.09/turn               t - ring of protection from cold

@: attractive, very slow
A: horns 2, retaliatory headbutt
a: Renounce Religion


You were on level 5 of the Dungeon.
You worshipped Cheibriados.
Cheibriados was noncommittal.
You visited 2 branches of the dungeon, and saw 6 of its levels.

You collected 177 gold pieces.

Inventory:

Hand Weapons
 a - a +0 war axe (weapon)
Armour
 b - a +0 scale mail (worn)
 c - a +0 buckler (worn)
Magical Staves
 v - a staff of earth
Jewellery
 l - a ring of resist corrosion (left hand)
 o - a ring of magical power
 t - a ring of protection from cold (right hand)
Wands
 s - a wand of paralysis (8)
Scrolls
 e - a scroll of enchant weapon {unknown}
 g - a scroll of fog {unknown}
 h - 6 scrolls of teleportation {unknown}
 i - a scroll of identify {unknown}
 j - 2 scrolls of enchant armour {unknown}
 k - a scroll of immolation {unknown}
 n - a scroll of magic mapping {unknown}
 r - 2 scrolls of amnesia {unknown}
Potions
 d - 2 potions of might
 f - 6 potions of curing
 m - 2 potions of haste {unknown}
 p - 2 potions of attraction
 q - 2 potions of flight {unknown}
 u - a potion of cancellation {unknown}
 w - a potion of brilliance {unknown}
 x - a potion of heal wounds {unknown}


   Skills:
 + Level 5.5 Fighting
 + Level 4.8 Axes
 + Level 5.4 Armour
 + Level 5.6 Shields


You had 5 spell levels left.
You didn't know any spells.
Your spell library contained the following spells:

 Spells                   Type           Power      Damage    Failure   Level
 Apportation              Tloc           0%         N/A       75%         1
 Magic Dart               Conj           0%         1d3       75%         1
 Slow                     Hex            0%         N/A       75%         1
 Searing Ray              Conj           0%         2d4       87%         2
 Fulminant Prism          Conj/Hex       0%         3d6       100%        4
 Alistair's Intoxication  Tmut/Pois      0%         N/A       100%        5


Dungeon Overview and Level Annotations

Branches:
Dungeon (5/15)             Temple (1/1) D:5

Altars:
Ashenzari
Cheibriados
Dithmenos
Fedhas
Gozag
Hepliaklqana
Kikubaaqudgha
Nemelex Xobeh
Okawaru
Qazlal
Ru
Sif Muna
Trog
Uskayaw
Vehumet
Wu Jian
Xom
Yredelemnul
Zin
The Shining One


Innate Abilities, Weirdness & Mutations

You have a pair of horns on your head.
You reflexively headbutt those who attack you in melee.


Message History

The orc priest looks braver for a moment.
The orc priest hits you but does no damage.
Something hits you but does no damage.
You hit the orc priest but do no damage.
Your headbutt misses the orc priest.
The orc priest is severely wounded.
You barely miss the orc priest. You closely miss something.
The orc priest hits you with a +0 mace.
* * * LOW HITPOINT WARNING * * *
You block the orc priest's attack. Something hits you but does no damage.
You barely miss the orc priest.
You headbutt the orc priest, but do no damage.
The orc priest is severely wounded.
You slash the orc priest! You hit something. The orc priest misses you.
The orc priest hits you but does no damage.
Something hits you.
* * * LOW HITPOINT WARNING * * *
You slash the orc priest!
You kill the orc priest!
Cheibriados appreciates the change of pace.
You hit the orc priest but do no damage.
You barely miss something. You block the orc priest's attack.
Something hits you but does no damage. The adder bites you but does no damage.
The orc priest hits you but does no damage.
You barely miss the orc priest.
The orc priest is severely wounded.
You closely miss the adder. You barely miss something.
You hear some strange, mumbled words.
A magic dart appears from out of thin air!
The magic dart hits you but does no damage.
The adder closely misses you. You furiously retaliate!
You headbutt the adder. You block the orc priest's attack. Something hits you.
* * * LOW HITPOINT WARNING * * *
You slash the orc priest!
You kill the orc priest!
Cheibriados appreciates the change of pace.
You hit something but do no damage. You barely miss the adder.
The adder bites you but does no damage. The adder completely misses you.
You furiously retaliate!
You headbutt the adder. Something hits you.
You die...

.# .. # #.# .. ## ###.##
.# .#.#####..... .#
.#.##........ .#
...#..#...#..# ##.##.##.
#.#..##.⌠.##..##S{......
#...##.....##..)@#
...##..#.#..##...#
#.....##.##.....##
.....##.†.##...##
##.⌠....>....⌠.#
#...##...##...#
#....##.##....##
#.##..#.#..##..#
#..##.....##...#


You could see an adder.

Vanquished Creatures
  A sky beast (D:5)
  A phantom (D:4)
  A scorpion (D:4)
  3 orc priests (D:5)
  2 iguanas (D:4)
  4 adders (D:4)
  4 worms
  4 dart slugs
  An orc (D:3)
  5 ball pythons
  5 endoplasms
  5 giant cockroaches
  4 goblins
  5 hobgoblins
  2 quokkas
  5 bats
  A frilled lizard (D:2)
  7 kobolds
  4 rats
64 creatures vanquished.

Notes
Turn   | Place    | Note
-------+----------+-------------------------------------------
     0 | D:1      | Nato the Minotaur Fighter began the quest for the Orb.
     0 | D:1      | Reached XP level 1. HP: 19/19 MP: 0/0
   157 | D:1      | Found a faded altar of an unknown god.
   165 | D:1      | Reached XP level 2. HP: 27/27 MP: 1/1
   172 | D:1      | Got Plato's Guide on Curses
  1473 | D:1      | Reached XP level 3. HP: 29/29 MP: 2/2
  2550 | D:3      | Found an iron altar of Okawaru.
  2583 | D:3      | Found a shadowy altar of Dithmenos.
  3121 | D:4      | Reached XP level 4. HP: 38/40 MP: 3/3
  3256 | D:4      | Noticed a phantom
  3272 | D:4      | Killed a phantom
  3273 | D:4      | Reached XP level 5. HP: 26/47 MP: 4/4
  3567 | D:4      | Reached skill level 5 in Fighting
  3567 | D:4      | Reached skill level 5 in Armour
  3567 | D:4      | Reached skill level 5 in Shields
  3758 | D:4      | Reached XP level 6. HP: 47/56 MP: 5/5
  3829 | D:4      | Found a broken altar of Ashenzari.
  3936 | D:4      | Found a radiant altar of Vehumet.
  4167 | D:5      | Entered Level 5 of the Dungeon
  4197 | D:5      | Found a staircase to the Ecumenical Temple.
  4249 | D:5      | Noticed a sky beast
  4263 | Temple   | Entered the Ecumenical Temple
  4468 | Temple   | Became a worshipper of Cheibriados the Contemplative
  4500 | D:5      | Killed a sky beast
  4650 | D:5      | HP: 2/56 [orc priest (3)]
  4654 | D:5      | Slain by an orc wizard

Illustrated notes

Levels and vault maps discovered:
D:1:      wander_arrival_peaceful_grave, layout_basic,
          shapermc_ecumenical_altar_rom_forum
D:2:      layout_loops_ring
D:3:      layout_basic, mainiacjoe_overflow_chevrons,
          kennysheep_okawaru_gauntlet, st_stairs_14
D:4:      layout_loops_ring, amcnicky_altar_gilded, vehumet_crystals,
          minmay_misc_feat_five
D:5:      layout_loops_cross, minmay_temple_entry_waves,
          minmay_fractal_squares_5
Temple:   eino_temple_scatter_basement

Skill      XL: |  1  2  3  4  5 |
---------------+----------------+-----
Shields        | 4 5 |  5.6
Fighting       | 4 5 |  5.5
Armour         | 4 5 |  5.4
Axes           | 3 4 |  4.8

Action                   |  1- 3 |  4- 6 || total
-------------------------+-------+-------++-------
Melee: War axe           |    89 |    68 ||   157
       Headbutt          |    17 |    15 ||    32
  Use: Potion            |       |     2 ||     2
Armor: Scale mail        |    27 |    47 ||    74
Dodge: Dodged            |    40 |    25 ||    65
Block: Buckler           |    18 |    21 ||    39

Table legend: (Time is in decaauts)
 A = Elapsed time spent in this place.
 B = Non-inter-level travel time spent in this place.
 C = Inter-level travel time spent in this place.
 D = Time resting spent in this place.
 E = Time spent auto-exploring this place.
 F = Levels seen in this place.
 G = Mean time per level.
                   A        B        C        D        E       F      G
               +--------+--------+--------+--------+--------+-----+--------+
         Total |   4711 |   4533 |    178 |   1297 |   2755 |   6 |  785.2 |
       Dungeon |   4477 |   4352 |    125 |   1297 |   2592 |   5 |  895.4 |
        Temple |    233 |    180 |     53 |      0 |    163 |   1 |  233.0 |
               +--------+--------+--------+--------+--------+-----+--------+

Top non-repeatable levels by time:
     D:1: 1521 daAuts
     D:4: 1082 daAuts
     D:3: 1031 daAuts
     D:2: 573 daAuts
     D:5: 269 daAuts
  Temple: 233 daAuts
